TOP OF THE 1ST |
Belleville Bulls batting - Pitching for Athletic Club KC U-24 : RHP Iván Contreras
|
Pitching: RHP Iván Contreras
|
|
Batting: SHB Aristotle Auer
|
0-0: Fly out, F8 (Flyball, 8LD, EV 103.8 MPH)
|
Batting: LHB Jason Powell
|
0-0: Called Strike 0-1: Ball 1-1: Foul Ball, location: 2F 1-2: Strikes out swinging
|
Batting: RHB Amor Campos
|
0-0: Ball 1-0: Foul Ball, location: 2F 1-1: Foul Ball, location: 2F 1-2: Foul Ball, location: 2F 1-2: Ball 2-2: Ball 3-2: Foul Ball, location: 2F 3-2: SINGLE (Line Drive, 7LM, EV 105.0 MPH)
|
Batting: RHB Imbart Baars
|
0-0: Fly out, F3 (Popup, 3S, EV 78.1 MPH)
|
Top of the 1st over - 0 runs, 1 hit, 0 errors, 1 left on base; Belleville 0 - Athletic Club KC 0 |
BOTTOM OF THE 1ST |
Athletic Club KC U-24 batting - Pitching for Belleville Bulls : RHP Luis Pantoja
|
Pitching: RHP Luis Pantoja
|
|
Batting: LHB César Valtez
|
0-0: Ball 1-0: Foul Ball, location: 2F 1-1: Foul Ball, location: 2F 1-2: Ball 2-2: Strikes out swinging
|
Batting: RHB Marcos Quintana
|
0-0: Ball 1-0: Ball 2-0: Called Strike 2-1: Foul Ball, location: 2F 2-2: Strikes out looking
|
Batting: SHB Howard Carpentier
|
0-0: Called Strike 0-1: Foul Ball, location: 2F 0-2: Ground out 4-3 (Groundball, 4, EV 85.6 MPH)
|
Bottom of the 1st over - 0 runs, 0 hits, 0 errors, 0 left on base; Belleville 0 - Athletic Club KC 0 |
TOP OF THE 2ND |
Belleville Bulls batting - Pitching for Athletic Club KC U-24 : RHP Iván Contreras
|
Batting: RHB Tom Rowland
|
0-0: Ball 1-0: SINGLE (Groundball, 6MD, EV 103.8 MPH)
|
Batting: RHB Spencer Wiggins
|
0-0: Ball 1-0: Called Strike 1-1: Foul Ball, location: 2F 1-2: Foul Ball, location: 2F 1-2: Ball 2-2: Ball 3-2: SINGLE (Flyball, 89M, EV 91.2 MPH) Tom Rowland to second
|
Batting: RHB Michael Collier
|
0-0: Called Strike 0-1: Foul Ball, location: 2F 0-2: Ball 1-2: Ball 2-2: Fly out, F7 (Flyball, 7LS, EV 90.6 MPH)
|
Batting: LHB Travis Ladd
|
0-0: Ball 1-0: Called Strike 1-1: Foul Ball, location: 2F 1-2: Ball 2-2: Strikes out swinging
|
Batting: RHB Sean Urien
|
0-0: Foul Ball, location: 2F 0-1: Ball 1-1: Fly out, F3 (Popup, 34S, EV 66.9 MPH)
|
Top of the 2nd over - 0 runs, 2 hits, 0 errors, 2 left on base; Belleville 0 - Athletic Club KC 0 |
BOTTOM OF THE 2ND |
Athletic Club KC U-24 batting - Pitching for Belleville Bulls : RHP Luis Pantoja
|
Batting: RHB Guillermo Alessandrini
|
0-0: Ball 1-0: Ground out 5-3 (Groundball, 56, EV 83.8 MPH)
|
Batting: SHB Noel Lancaster
|
0-0: Ball 1-0: Foul Ball, location: 2F 1-1: Ball 2-1: Ball 3-1: Foul Ball, location: 2F 3-2: Fly out, F7 (Flyball, 7S, EV 85.0 MPH)
|
Batting: RHB Luis Santana
|
0-0: Swinging Strike 0-1: Called Strike 0-2: Ball 1-2: Foul Ball, location: 2F 1-2: Ball 2-2: Strikes out swinging
|
Bottom of the 2nd over - 0 runs, 0 hits, 0 errors, 0 left on base; Belleville 0 - Athletic Club KC 0 |
TOP OF THE 3RD |
Belleville Bulls batting - Pitching for Athletic Club KC U-24 : RHP Iván Contreras
|
Batting: SHB Aristotle Auer
|
0-0: Ball 1-0: Foul Ball, location: 2F 1-1: TRIPLE (Flyball, 78XD, EV 98.8 MPH)
|
Batting: LHB Jason Powell
|
0-0: Foul Ball, location: 2F 0-1: Called Strike 0-2: Ball 1-2: Foul Ball, location: 2F 1-2: SINGLE (Line Drive, 89S, EV 101.2 MPH) Aristotle Auer scores
|
Batting: RHB Amor Campos
|
0-0: Ball 1-0: Ball 2-0: SINGLE (Groundball, 34S, EV 83.1 MPH) (infield hit) Jason Powell to second
|
Batting: RHB Imbart Baars
|
0-0: Ball 1-0: Foul Ball, location: 2F 1-1: Foul Ball, location: 2F 1-2: Ball 2-2: Strikes out looking
|
Batting: RHB Tom Rowland
|
0-0: Ball 1-0: Foul Ball, location: 2F 1-1: Swinging Strike 1-2: Strikes out swinging
|
Batting: RHB Spencer Wiggins
|
0-0: Foul Ball, location: 2F 0-1: Foul Ball, location: 2F 0-2: Ball 1-2: Fly out, F9 (Flyball, 89M, EV 91.9 MPH)
|
Top of the 3rd over - 1 run, 3 hits, 0 errors, 2 left on base; Belleville 1 - Athletic Club KC 0 |
BOTTOM OF THE 3RD |
Athletic Club KC U-24 batting - Pitching for Belleville Bulls : RHP Luis Pantoja
|
Batting: RHB Jorgen Jorgenson
|
0-0: Called Strike 0-1: Swinging Strike 0-2: Strikes out looking
|
Batting: RHB Shou-xin Quian
|
0-0: Called Strike 0-1: SINGLE (Flyball, 89S, EV 85.6 MPH)
|
Batting: RHB Makalani Kaiya
|
0-0: Called Strike 0-1: Ball 1-1: Swinging Strike 1-2: Ball 2-2: DOUBLE (Line Drive, 8LXD, EV 105.0 MPH) Shou-xin Quian to third Runner from 3rd tries for Home, SAFE, no throw by CF
|
Batting: LHB César Valtez
|
0-0: Called Strike 0-1: Ball 1-1: SINGLE (Groundball, 4, EV 83.8 MPH) (infield hit) Makalani Kaiya to third
|
Batting: RHB Marcos Quintana
|
0-0: Foul Ball, location: 2F 0-1: Fly out, F9 (Line Drive, 9, EV 96.2 MPH)
|
Batting: SHB Howard Carpentier
|
0-0: Ball César Valtez is caught stealing 2nd base 2-6
|
Bottom of the 3rd over - 1 run, 3 hits, 0 errors, 1 left on base; Belleville 1 - Athletic Club KC 1 |
TOP OF THE 4TH |
Belleville Bulls batting - Pitching for Athletic Club KC U-24 : RHP Iván Contreras
|
Batting: RHB Michael Collier
|
0-0: Called Strike 0-1: Foul Ball, location: 2F 0-2: Fly out, F8 (Flyball, 8RM, EV 92.5 MPH)
|
Batting: LHB Travis Ladd
|
0-0: Ball 1-0: TRIPLE (Flyball, 78XD, EV 101.2 MPH)
|
Batting: RHB Sean Urien
|
0-0: Ball 1-0: Swinging Strike 1-1: Foul Ball, location: 2F 1-2: Strikes out swinging
|
Batting: SHB Aristotle Auer
|
0-0: Ball 1-0: Foul Ball, location: 2F 1-1: Called Strike 1-2: Ball 2-2: Strikes out swinging
|
Top of the 4th over - 0 runs, 1 hit, 0 errors, 1 left on base; Belleville 1 - Athletic Club KC 1 |
BOTTOM OF THE 4TH |
Athletic Club KC U-24 batting - Pitching for Belleville Bulls : RHP Luis Pantoja
|
Batting: SHB Howard Carpentier
|
0-0: Ball 1-0: Called Strike 1-1: Foul Ball, location: 2F 1-2: Fly out, F9 (Flyball, 9S, EV 86.9 MPH)
|
Batting: RHB Guillermo Alessandrini
|
0-0: Ball 1-0: Called Strike 1-1: Fly out, F9 (Flyball, 9LDF, EV 110.0 MPH)
|
Batting: SHB Noel Lancaster
|
0-0: Called Strike 0-1: Ball 1-1: Foul Ball, location: 2F 1-2: SINGLE (Groundball, 34D, EV 101.9 MPH)
|
Batting: RHB Luis Santana
|
0-0: Fly out, F9 (Flyball, 9LM, EV 86.9 MPH)
|
Bottom of the 4th over - 0 runs, 1 hit, 0 errors, 1 left on base; Belleville 1 - Athletic Club KC 1 |
TOP OF THE 5TH |
Belleville Bulls batting - Pitching for Athletic Club KC U-24 : RHP Iván Contreras
|
Batting: LHB Jason Powell
|
0-0: Ball 1-0: Ball 2-0: Foul Ball, location: 2F 2-1: Foul Ball, location: 2F 2-2: Hit by Pitch
|
Batting: RHB Amor Campos
|
0-0: Called Strike 0-1: Called Strike Jason Powell steals 2nd base 0-2: Ball 1-2: Ball 2-2: SINGLE (Groundball, 6MD, EV 108.1 MPH) Jason Powell to third Runner from 3rd tries for Home, SAFE, no throw by CF
|
Batting: RHB Imbart Baars
|
0-0: Called Strike 0-1: Ball 1-1: Swinging Strike 1-2: Strikes out swinging
|
Batting: RHB Tom Rowland
|
Pickoff Throw to First - Error! E1 Amor Campos to second 0-0: Called Strike 0-1: Foul Ball, location: 2F 0-2: Ball 1-2: Foul Ball, location: 2F 1-2: Ball 2-2: Strikes out swinging
|
Batting: RHB Spencer Wiggins
|
0-0: Called Strike 0-1: SINGLE (Groundball, 34D, EV 98.8 MPH) Amor Campos to third Runner from 3rd tries for Home, SAFE, no throw by RF
|
Batting: RHB Michael Collier
|
0-0: Foul Ball, location: 2F 0-1: Foul Ball, location: 2F 0-2: Ball 1-2: Ball 2-2: Ball 3-2: Strikes out swinging
|
Top of the 5th over - 2 runs, 2 hits, 1 error, 1 left on base; Belleville 3 - Athletic Club KC 1 |
BOTTOM OF THE 5TH |
Athletic Club KC U-24 batting - Pitching for Belleville Bulls : RHP Luis Pantoja
|
Batting: RHB Jorgen Jorgenson
|
0-0: Fly out, F2 (Popup, 2RF, EV 84.4 MPH)
|
Batting: RHB Shou-xin Quian
|
0-0: Ball 1-0: SOLO HOME RUN (Flyball, 8RXD, EV 103.1 MPH), Distance : 444 ft
|
Batting: RHB Makalani Kaiya
|
0-0: Ball 1-0: Foul Ball, location: 2F 1-1: Swinging Strike 1-2: Foul Ball, location: 2F 1-2: Foul Ball, location: 2F 1-2: Strikes out swinging
|
Batting: LHB César Valtez
|
0-0: Ball 1-0: Called Strike 1-1: Fly out, F7 (Flyball, 7S, EV 87.5 MPH)
|
Bottom of the 5th over - 1 run, 1 hit, 0 errors, 0 left on base; Belleville 3 - Athletic Club KC 2 |
TOP OF THE 6TH |
Belleville Bulls batting - Pitching for Athletic Club KC U-24 : RHP Iván Contreras
|
Batting: LHB Travis Ladd
|
0-0: SINGLE (Groundball, 34D, EV 98.1 MPH)
|
Pitching: RHP Román Rosales
|
|
Batting: RHB Sean Urien
|
0-0: Ball 1-0: Foul Ball, location: 2F 1-1: Swinging Strike 1-2: Ball 2-2: Ball 3-2: Foul Ball, location: 2F 3-2: Strikes out swinging
|
Batting: SHB Aristotle Auer
|
0-0: Ball 1-0: Called Strike Travis Ladd steals 2nd base 1-1: Foul Ball, location: 2F 1-2: Strikes out swinging
|
Batting: LHB Jason Powell
|
0-0: Ball 1-0: Ball 2-0: Ball 3-0: Called Strike 3-1: Base on Balls
|
Batting: RHB Amor Campos
|
0-0: Foul Ball, location: 2F 0-1: Swinging Strike 0-2: Ball 1-2: Ball 2-2: Strikes out swinging
|
Top of the 6th over - 0 runs, 1 hit, 0 errors, 2 left on base; Belleville 3 - Athletic Club KC 2 |
BOTTOM OF THE 6TH |
Athletic Club KC U-24 batting - Pitching for Belleville Bulls : RHP Luis Pantoja
|
Pitching: LHP Neyo Eniquez
|
|
Batting: RHB Marcos Quintana
|
0-0: Called Strike 0-1: Ball 1-1: Ball 2-1: Swinging Strike 2-2: Ball 3-2: Ground out 4-3 (Groundball, 4, EV 99.4 MPH)
|
Batting: SHB Howard Carpentier
|
0-0: Ball 1-0: Foul Ball, location: 2F 1-1: Ball 2-1: Foul Ball, location: 2F 2-2: Ball 3-2: Base on Balls
|
Batting: RHB Guillermo Alessandrini
|
0-0: Called Strike 0-1: Ball 1-1: Fly out, F3 (Popup, 3S, EV 79.4 MPH)
|
Batting: SHB Noel Lancaster
|
0-0: Ball 1-0: Ball 2-0: Foul Ball, location: 2F 2-1: TRIPLE (Flyball, 89XD, EV 108.1 MPH) Howard Carpentier scores
|
Batting: RHB Luis Santana
|
0-0: Fly out, F9 (Flyball, 89M, EV 89.4 MPH)
|
Bottom of the 6th over - 1 run, 1 hit, 0 errors, 1 left on base; Belleville 3 - Athletic Club KC 3 |
TOP OF THE 7TH |
Belleville Bulls batting - Pitching for Athletic Club KC U-24 : RHP Román Rosales
|
Batting: RHB Imbart Baars
|
0-0: Called Strike 0-1: Fly out, F8 (Flyball, 89D, EV 104.4 MPH)
|
Batting: RHB Tom Rowland
|
0-0: Ball 1-0: Ball 2-0: Ball 3-0: Called Strike 3-1: DOUBLE (Line Drive, 78D, EV 103.8 MPH)
|
Batting: RHB Spencer Wiggins
|
0-0: Ball 1-0: Ball 2-0: Ball 3-0: Called Strike 3-1: Base on Balls
|
Batting: RHB Michael Collier
|
0-0: Foul Ball, location: 2F 0-1: Ball 1-1: Called Strike 1-2: Ball 2-2: Strikes out looking
|
Batting: LHB Travis Ladd
|
0-0: Called Strike 0-1: Ground out 3-1 (Groundball, 34, EV 106.2 MPH)
|
Top of the 7th over - 0 runs, 1 hit, 0 errors, 2 left on base; Belleville 3 - Athletic Club KC 3 |
BOTTOM OF THE 7TH |
Athletic Club KC U-24 batting - Pitching for Belleville Bulls : LHP Neyo Eniquez
|
Batting: RHB Jorgen Jorgenson
|
0-0: Ball 1-0: Swinging Strike 1-1: DOUBLE (Line Drive, 7LM, EV 90.6 MPH)
|
Batting: RHB Shou-xin Quian
|
0-0: Intentional Walk
|
Batting: RHB Makalani Kaiya
|
0-0: Sac Bunt to 13S - play at third, runner OUT! 1-5 Shou-xin Quian to second
|
Batting: LHB César Valtez
|
0-0: Fielders Choice at 2nd, 4-6 (Groundball, 4, EV 88.1 MPH) Shou-xin Quian to third
|
Now at SS: Josh Iriarte
|
|
Batting: RHB Marcos Quintana
|
0-0: Foul Ball, location: 2F 0-1: Ball 1-1: Ball 2-1: DOUBLE (Line Drive, 89D, EV 111.9 MPH) Shou-xin Quian scores César Valtez to third Runner from 3rd tries for Home, SAFE, no throw by CF
|
Pitching: RHP Guy Walters
|
|
Batting: SHB Howard Carpentier
|
0-0: Ball 1-0: Called Strike 1-1: Foul Ball, location: 2F 1-2: Foul Ball, location: 2F 1-2: Foul Ball, location: 2F 1-2: Foul Ball, location: 2F 1-2: Fly out, F8 (Flyball, 8LM, EV 90.6 MPH)
|
Bottom of the 7th over - 2 runs, 2 hits, 0 errors, 1 left on base; Belleville 3 - Athletic Club KC 5 |
TOP OF THE 8TH |
Belleville Bulls batting - Pitching for Athletic Club KC U-24 : RHP Román Rosales
|
Batting: RHB Sean Urien
|
0-0: Ball 1-0: Ball 2-0: Called Strike 2-1: Fly out, F6 (Popup, 6MS, EV 66.2 MPH)
|
Batting: SHB Aristotle Auer
|
0-0: Called Strike 0-1: Called Strike 0-2: Ball 1-2: Ground out 4-3 (Groundball, 4, EV 89.4 MPH)
|
Batting: LHB Jason Powell
|
0-0: Ball 1-0: Ball 2-0: Ball 3-0: Base on Balls
|
Pitching: RHP Darko Trstenjak
|
|
Batting: RHB Amor Campos
|
0-0: Swinging Strike 0-1: 2-RUN HOME RUN (Flyball, 7D, EV 106.2 MPH), Distance : 389 ft
|
Batting: RHB Imbart Baars
|
0-0: Called Strike 0-1: Ball 1-1: Hit by Pitch, AND HE CHARGES THE MOUND! The benches clear!
|
Pitching: RHP Todd Garrett
|
|
Pinch Runner at 1st Conan Porter:
|
|
Batting: RHB Tom Rowland
|
0-0: Swinging Strike 0-1: Called Strike 0-2: Foul Ball, location: 2F 0-2: Foul Ball, location: 2F 0-2: Ball 1-2: SINGLE (Flyball, 6MD, EV 90.6 MPH) Conan Porter to second Runner from 2nd tries for 3rd, SAFE, throw by CF made to third
|
Batting: RHB Spencer Wiggins
|
0-0: Ball 1-0: Ball 2-0: Called Strike 2-1: Fielders Choice at 2nd, 5-4 (Groundball, 5L, EV 86.2 MPH)
|
Top of the 8th over - 2 runs, 2 hits, 0 errors, 2 left on base; Belleville 5 - Athletic Club KC 5 |
BOTTOM OF THE 8TH |
Athletic Club KC U-24 batting - Pitching for Belleville Bulls : RHP Guy Walters
|
Now at 1B: Han Spoelstra
|
|
Batting: RHB Guillermo Alessandrini
|
0-0: Called Strike 0-1: Called Strike 0-2: Strikes out looking
|
Batting: SHB Noel Lancaster
|
0-0: Called Strike 0-1: SINGLE (Groundball, 6M, EV 87.5 MPH) (infield hit)
|
Batting: RHB Luis Santana
|
0-0: Ball 1-0: Ball 2-0: Foul Ball, location: 2F 2-1: Fly out, F9 (Flyball, 89M, EV 95.0 MPH)
|
Batting: RHB Jorgen Jorgenson
|
0-0: Ball 1-0: Foul Ball, location: 2F 1-1: Foul Ball, location: 2F 1-2: Strikes out swinging
|
Bottom of the 8th over - 0 runs, 1 hit, 0 errors, 1 left on base; Belleville 5 - Athletic Club KC 5 |
TOP OF THE 9TH |
Belleville Bulls batting - Pitching for Athletic Club KC U-24 : RHP Todd Garrett
|
Batting: RHB Josh Iriarte
|
0-0: DOUBLE (Line Drive, 78XD, EV 101.2 MPH)
|
Pitching: RHP Ray McKendrick
|
|
Batting: LHB Travis Ladd
|
0-0: Ball 1-0: Ball 2-0: Ball 3-0: Called Strike 3-1: Called Strike 3-2: Foul Ball, location: 2F 3-2: Foul Ball, location: 2F 3-2: SINGLE (Flyball, 6MD, EV 91.2 MPH) Josh Iriarte to third
|
Batting: RHB Sean Urien
|
0-0: Hit by Pitch Travis Ladd to second
|
Batting: SHB Aristotle Auer
|
0-0: Ball 1-0: Called Strike 1-1: Foul Ball, location: 2F 1-2: Grounds into fielders choice 4-2 (Groundball, 4, EV 85.6 MPH) Travis Ladd to third Sean Urien to second
|
Batting: LHB Jason Powell
|
0-0: Foul Ball, location: 2F 0-1: Ball 1-1: Fly out, F8 (Line Drive, 8LD, EV 91.9 MPH)
|
Batting: RHB Amor Campos
|
0-0: Called Strike 0-1: Foul Ball, location: 2F 0-2: Foul Ball, location: 2F 0-2: Ball 1-2: Hit by Pitch Travis Ladd scores Sean Urien to third Aristotle Auer to second
|
Batting: RHB Han Spoelstra
|
0-0: Called Strike 0-1: Called Strike 0-2: SINGLE (Groundball, 4MD, EV 96.9 MPH) Sean Urien scores Aristotle Auer to third Amor Campos to second Runner from 3rd tries for Home, SAFE, no throw by CF
|
Batting: RHB Tom Rowland
|
0-0: Called Strike 0-1: Swinging Strike 0-2: Strikes out looking
|
Top of the 9th over - 3 runs, 3 hits, 0 errors, 2 left on base; Belleville 8 - Athletic Club KC 5 |
BOTTOM OF THE 9TH |
Athletic Club KC U-24 batting - Pitching for Belleville Bulls : RHP Guy Walters
|
Pitching: RHP Manuel Rodríguez
|
|
Now at 1B: Jonathan Campbell
|
|
Batting: RHB Shou-xin Quian
|
0-0: Swinging Strike 0-1: Ground out 5-3 (Groundball, 5, EV 104.4 MPH)
|
Batting: RHB Makalani Kaiya
|
0-0: Ball 1-0: Foul Ball, location: 2F 1-1: Ball 2-1: Foul Ball, location: 2F 2-2: SOLO HOME RUN (Flyball, 7D, EV 103.8 MPH), Distance : 391 ft
|
Batting: LHB César Valtez
|
0-0: Foul Ball, location: 2F 0-1: Ball 1-1: Ball 2-1: Called Strike 2-2: Strikes out looking
|
Batting: RHB Marcos Quintana
|
0-0: Ball 1-0: Swinging Strike 1-1: Foul Ball, location: 2F 1-2: Ball 2-2: Strikes out looking
|
Bottom of the 9th over - 1 run, 1 hit, 0 errors, 0 left on base; Belleville 8 - Athletic Club KC 6 |
|